 Dungeon Crawl Stone Soup version 0.19-a0-957-gf4ea323 (webtiles) character file.

40 Charly the Chopper (level 3, 0/31 HPs)
             Began as a Minotaur Monk on July 10, 2016.
             Slain by Grinder (5 damage)
             ... on level 3 of the Dungeon.
             The game lasted 00:08:31 (385 turns).

Charly the Chopper (Minotaur Monk)                   Turns: 385, Time: 00:08:31

Health: 0/31       AC:  0    Str: 15    XL:     3   Next: 30%
Magic:  2/2        EV: 15    Int:  7    God:
Gold:   40         SH:  0    Dex: 13    Spells: 0 memorised, 2 levels left

rFire  . . .     SeeInvis .     (weapon currently unavailable)
rCold  . . .     Gourm    .     (armour currently unavailable)
rNeg   . . .     Faith    .     (shield currently unavailable)
rPois  .         Spirit   .     (helmet currently unavailable)
rElec  .         Dismiss  .     (cloak currently unavailable)
rCorr  .         Reflect  .     (gloves currently unavailable)
SustAt .         Harm     .     (boots currently unavailable)
MR     .....                    (no amulet)
Stlth  ++........               (ring currently unavailable)
                                (ring currently unavailable)

@: lethally poisoned (0 -> -2), pig-form, very quick, not resistant to hostile
enchantments, unstealthy
A: (retaliatory headbutt), (hooves 0), (horns 0), (fire resistance 0), no device
heal 1
a: no special abilities


You were on level 3 of the Dungeon.
You were not hungry.
You were a filthy swine.
You visited 1 branch of the dungeon, and saw 3 of its levels.

You collected 40 gold pieces.

Inventory:

Hand Weapons
 a - a +0 hand axe
 f - a +2 mace of protection (melded)
Armour
 b - a +0 robe (melded)
 h - a +0 pair of gloves (melded)
Scrolls
 d - a scroll of identify
 g - 2 scrolls of remove curse
 i - a scroll of fear {unknown}
Comestibles
 c - 3 bread rations


   Skills:
 - Level 3.6 Fighting
 + Level 5.3 Axes
 - Level 3.2 Dodging
 - Level 1.5 Stealth


You had 2 spell levels left.
You didn't know any spells.

Dungeon Overview and Level Annotations

Branches:
Dungeon (3/15)

Altars:

Annotations:
D:3 Grinder, Natasha, Sigmund


Innate Abilities, Weirdness & Mutations

((You reflexively headbutt those who attack you in melee.))
((You have a pair of horns on your head.))
((You have large cloven feet.))
((Your flesh is heat resistant. (rF+)))
Potions and wands are less effective at restoring your health.


Message History

Your +0 robe melds into your body.
You feel less protected.
Natasha howls an incantation.
Natasha's fingertips start to glow.
Natasha claws you.
You closely miss Natasha.
Grinder says, "You look like you could use a good racking."
Grinder zaps a wand.
You resist with significant effort. Natasha barely misses you.
You barely miss Natasha.
Grinder zaps a wand.
You resist with significant effort. Natasha misses you.
You completely miss Natasha.
You feel sick.
Grinder blinks!
Natasha completely misses you.
You hit Natasha.
Natasha is lightly wounded.
Grinder barely misses you. Natasha claws you!
* * * LOW HITPOINT WARNING * * *
You hit Natasha.
Natasha is lightly wounded.
Grinder hits you.
You die...

..... .... ## #..# ..#
#..# #.# #..# #.# #..#
#.# #..# #.# #h.#
#.###.####h.#####
#........†5.......
#####.############ #.#
#.# #.# #########J####
##### #.#
#............@ ##...##
#.# ###...#####.####
##.....###.####.<....(#


You could see Grinder and Natasha.

Vanquished Creatures
  2 gnolls
  An adder (D:3)
  A giant gecko (D:2)
  6 goblins
  A hobgoblin (D:3)
11 creatures vanquished.

Notes
Turn   | Place    | Note
-------+----------+-------------------------------------------
     0 | D:1      | Charly the Minotaur Monk began the quest for the Orb.
     0 | D:1      | Reached XP level 1. HP: 19/19 MP: 0/0
   120 | D:2      | Reached skill level 4 in Axes
   120 | D:2      | Reached XP level 2. HP: 5/26 MP: 1/1
   256 | D:3      | Reached skill level 5 in Axes
   283 | D:3      | Reached XP level 3. HP: 22/31 MP: 2/2
   335 | D:3      | Noticed Sigmund
   362 | D:3      | Noticed Grinder
   362 | D:3      | Paralysed by Grinder for 3 turns
   373 | D:3      | Gained mutation: Potions and wands are less effective at restoring your health. [potion of mutation]
   373 | D:3      | Gained mutation: You have large cloven feet. [potion of mutation]
   373 | D:3      | Gained mutation: Your flesh is heat resistant. (rF+) [potion of mutation]
   378 | D:3      | Noticed Natasha
   385 | D:3      | Slain by Grinder

Vault maps used:
D:1:      saegor_arrival_fortress
D:2:      uniq_crazy_yiuf_cottage
D:3:      first_bread, uniq_natasha, uniq_grinder, uniq_robin, uniq_sigmund

Skill      XL: |  1  2 |
---------------+-------+-----
Axes           | 4 5 |  5.3
Fighting       | |  3.6
Dodging        | |  3.2
Stealth        | |  1.5

Action                   || total
-------------------------++-------
Melee: Mace              ||    24
       Hand axe          ||     2
       Headbutt          ||     4
       Unarmed           ||     5
       Kick              ||     2
  Use: Scroll            ||     2
       Potion            ||     1
  Eat: Beef jerky        ||     1
Armor: Robe              ||     9
Dodge: Dodged            ||    20
